 Dungeon Crawl Stone Soup version 0.26-a0-682-g294304f6e8 (webtiles) character file.

Game seed: 3857862000929114365

5607 pureshit the Cleaver (level 11, -11/81 HPs)
             Began as a Formicid Fighter on Oct 22, 2020.
             Was an Elder of Dithmenos.
             Killed from afar by a deep elf mage (35 damage)
             ... with a bolt of lightning
             ... on level 9 of the Dungeon.
             The game lasted 00:21:32 (12317 turns).

pureshit the Cleaver (Formicid Fighter)            Turns: 12317, Time: 00:21:33

Health: -11/81     AC:  7    Str: 24      XL:     11   Next: 3%
Magic:  0/20       EV: 12    Int:  6 (8)  God:    Dithmenos [****..]
Gold:   613        SH: 11    Dex: 10      Spells: 10/10 levels left

rFire    . . .     SeeInvis +   a - +0 war axe
rCold    + . .     Faith    .   c - +0 kite shield
rNeg     . . .     Spirit   +   b - +0 scale mail
rPois    .         Reflect  .   (helmet unavailable)
rElec    .         Harm     .   (no cloak)
rCorr    .         Rampage  .   (no gloves)
MR       +....                  (no boots)
Stlth    ..........             G - amulet of guardian spirit
HPRegen  0.23/turn              n - ring of protection from cold
MPRegen  0.17/turn              C - ring of magical power

@: wreathed by umbra
A: permanent stasis, dig shafts and tunnels, four strong arms, antennae 3
a: Dig, Shaft Self, Shadow Step, Renounce Religion


You were on level 9 of the Dungeon.
You worshipped Dithmenos.
Dithmenos was greatly pleased with you.
You visited 1 branch of the dungeon, and saw 10 of its levels.
You also visited: Ossuary.

You collected 613 gold pieces.

Inventory:

Hand Weapons
 a - a +0 war axe (weapon)
 o - a +2 eveningstar of flaming
 v - a +3 mace of protection
Missiles
 y - 127 bolts
Armour
 b - a +0 scale mail (worn)
 c - a +0 kite shield (worn)
Jewellery
 n - a ring of protection from cold (left hand)
 x - an uncursed ring of flight
 C - a ring of magical power (right hand)
 G - an amulet of guardian spirit (around neck)
Wands
 j - a wand of flame (20)
 B - a wand of polymorph (16)
 D - a wand of paralysis (10)
 E - a wand of acid (2)
Scrolls
 d - a scroll of brand weapon
 e - 11 scrolls of remove curse
 g - 5 scrolls of immolation
 h - a scroll of vulnerability
 m - 2 scrolls of enchant armour
 p - a scroll of amnesia
 s - a scroll of enchant weapon
 w - 4 scrolls of magic mapping
 F - 2 scrolls of torment
 H - a scroll of fog
 I - a scroll of identify
 J - a scroll of silence
Potions
 f - 4 potions of cancellation
 i - 3 potions of stabbing
 k - 2 potions of haste {unknown}
 l - 6 potions of lignification
 q - a potion of invisibility {unknown}
 r - 2 potions of resistance {unknown}
 t - a potion of flight {unknown}
 u - 3 potions of mutation {unknown}
 z - 2 potions of brilliance
 A - 3 potions of magic {unknown}
 K - a potion of curing


   Skills:
 + Level 5.9 Fighting
 * Level 11.5 Axes
 - Level 5.1 Armour
 - Level 5.1 Dodging
 - Level 9.0 Shields


You had 10 spell levels left.
You didn't know any spells.
Your spell library was empty.

Dungeon Overview and Level Annotations

Branches:
Dungeon (10/15)            Temple (0/1) D:4             Orc (0/2) D:9
Ossuary (visited)
   Lair: D:8-11

Altars:
Dithmenos
Nemelex Xobeh
Qazlal
Sif Muna
The Shining One

Shops:
D:7 =

Annotations:
D:8 2 transporters
D:9 exclusion: orange crystal statue


Innate Abilities, Weirdness & Mutations

You cannot be hasted, slowed, berserked, paralysed or teleported.
You can dig through walls and to a lower floor.
Your four strong arms can wield two-handed weapons with a shield.
You have a pair of large antennae on your head. (SInv)


Message History

The troll is severely wounded.
The troll bites you but does no damage. The troll claws you!
You block the troll's attack.
You hit the troll but do no damage.
The troll is severely wounded.
The troll bites you. The troll misses you. The troll claws you.
The deep elf mage points at you and mumbles some strange words.
The bolt of lightning hits you!
You are too injured to fight recklessly!
You are too injured to fight recklessly!
Are you sure you want to shaft yourself?
The troll bites you!
* * * LOW HITPOINT WARNING * * *
The troll misses you. The troll closely misses you.
You begin to dig a shaft.
You continue digging a shaft.
You block the troll's attack. The troll misses you.
The troll closely misses you. The deep elf mage casts a spell at you.
The bolt of lightning hits you!!!
You die...

##.##..#.≈..≈♣≈#≈
#.###..##....≈.#♣
###..##.........#.
#.#.#.#.........#.
###)#..##.....<.>#.
#.##.##.#........#.
###.#.#..##.......#.
#ZT#e#.#.##.......#.
##5#@#..#..##.###..##
#'#########'#.###..##
{ #.#?.?.=#.
#.#.?#.....
#.##..T##.##.##.#.....
{## .Z.#.##...#.......
.##.##...##...... { .#
#.....#...###
#.##.....##.#### #
##.##.##.#...#.


You could see a deep elf mage, a troll and a howler monkey zombie.

Vanquished Creatures
  A two-headed ogre (D:9)
  A troll (D:9)
  6 yaks
  2 water moccasins
  2 ice beasts (D:9)
  A black bear (D:7)
  4 orc warriors
  3 ogres
  5 centaurs
  3 sky beasts (D:8)
  A necrophage (D:6)
  5 bullfrogs
  4 scorpions
  9 killer bees
  A centaur zombie (Ossuary)
  2 hounds
  A human zombie (Ossuary)
  2 jellies
  5 orc priests
  A bullfrog skeleton (D:6)
  Jessica (D:3)
  4 iguanas
  6 orc wizards
  5 worker ants
  A hound zombie (D:8)
  3 hound skeletons
  2 mummies (Ossuary)
  A worker ant zombie (D:9)
  4 gnolls
  8 adders
  An ufetubus (D:5)
  An ooze (D:1)
  A worm zombie (D:5)
  An adder skeleton (D:4)
  2 adder zombies (Ossuary)
  A worm (D:2)
  A dart slug (D:2)
  4 leopard geckos
  19 orcs
  10 giant cockroaches
  8 goblins
  3 hobgoblins
  9 jackals
  3 quokkas
  4 bats
  2 frilled lizards
  A goblin zombie (Ossuary)
  6 hobgoblin zombies (Ossuary)
  3 jackal zombies
  5 kobolds
  9 kobold zombies (Ossuary)
  12 orc zombies (Ossuary)
  A quokka zombie (D:7)
  10 rats
  3 rat zombies (Ossuary)
214 creatures vanquished.

Notes
Turn   | Place    | Note
-------+----------+-------------------------------------------
     0 | D:1      | pureshit the Formicid Fighter began the quest for the Orb.
     0 | D:1      | Reached XP level 1. HP: 18/18 MP: 1/1
    67 | D:1      | Reached XP level 2. HP: 24/24 MP: 2/2
   224 | D:1      | Reached XP level 3. HP: 22/29 MP: 3/3
   926 | D:2      | Reached skill level 1 in Dodging
   968 | D:2      | Reached skill level 3 in Axes
   988 | D:2      | Reached XP level 4. HP: 23/35 MP: 4/4
  1173 | D:2      | Found a shadowy altar of Dithmenos.
  1258 | D:2      | Became a worshipper of Dithmenos the Shadowed
  1628 | D:2      | Reached XP level 5. HP: 9/41 MP: 5/5
  1632 | D:2      | HP: 2/41 [poisoned by an adder]
  2113 | D:3      | Noticed Jessica
  2149 | D:3      | Killed Jessica
  2149 | D:3      | Reached skill level 4 in Axes
  2200 | D:3      | Found a faded altar of an unknown god.
  2245 | D:3      | Reached XP level 6. HP: 38/47 MP: 6/6
  2269 | D:3      | Reached * piety under Dithmenos
  2457 | D:3      | Reached skill level 5 in Shields
  2870 | D:4      | Found a staircase to the Ecumenical Temple.
  3200 | D:4      | Reached skill level 5 in Axes
  3200 | D:4      | Reached XP level 7. HP: 51/52 MP: 7/7
  3642 | D:5      | Entered Level 5 of the Dungeon
  3716 | D:5      | Found a sand-covered staircase.
  3730 | Ossuary  | Entered an ossuary
  3861 | Ossuary  | Reached ** piety under Dithmenos
  4467 | D:5      | Noticed a water moccasin
  4481 | D:5      | Killed a water moccasin
  4481 | D:5      | Reached skill level 6 in Axes
  4896 | D:6      | Reached XP level 8. HP: 42/60 MP: 8/8
  5306 | D:6      | HP: 3/61 [orc warrior/+0 dire flail (15)]
  5309 | D:6      | Reached *** piety under Dithmenos
  5309 | D:6      | Reached skill level 7 in Axes
  6153 | D:7      | You fall into a shaft and drop 1 floor!
  6159 | D:8      | Reached skill level 5 in Fighting
  6582 | D:8      | Reached XP level 9. HP: 59/68 MP: 9/9
  6636 | D:8      | You fall into a shaft and drop 2 floors!
  6636 | D:10     | Entered Level 10 of the Dungeon
  6873 | D:10     | Reached skill level 8 in Axes
  7899 | D:7      | Found a sparkling altar of Nemelex Xobeh.
  7905 | D:7      | Reached skill level 9 in Axes
  8019 | D:7      | You fall into a shaft and drop 1 floor!
  8336 | D:7      | Reached skill level 5 in Armour
  8664 | D:7      | You fall into a shaft and drop 1 floor!
  8966 | D:7      | Reached XP level 10. HP: 74/74 MP: 10/10
  9681 | D:7      | Found Vuipt's Jewellery Emporium.
  9772 | D:7      | Found a shimmering blue altar of Sif Muna.
  9842 | D:8      | Found a transporter.
  9844 | D:8      | Found a transporter.
  9844 | D:8      | Noticed a boulder beetle
 10085 | D:8      | Reached skill level 10 in Axes
 10109 | D:8      | Found a glowing golden altar of the Shining One.
 10518 | D:9      | Found a staircase to the Orcish Mines.
 10529 | D:9      | Noticed a two-headed ogre
 10545 | D:9      | Killed a two-headed ogre
 10625 | D:9      | Reached **** piety under Dithmenos
 10689 | D:9      | Noticed an orange crystal statue
 10813 | D:9      | Reached skill level 5 in Dodging
 11093 | D:8      | Reached skill level 11 in Axes
 11754 | D:9      | Found a stormy altar of Qazlal.
 11847 | D:9      | Noticed a brown ugly thing
 11900 | D:7      | You fall into a shaft and drop 2 floors!
 12267 | D:9      | Reached XP level 11. HP: 81/81 MP: 11/11
 12288 | D:9      | Noticed a deep elf mage
 12317 | D:9      | Killed from afar by a deep elf mage

Illustrated notes

Levels and vault maps discovered:
D:1:      tarquinn_simple_flora_water_c, layout_basic, serial_bayou_pond_d,
          minmay_tetromino_t2
D:2:      layout_basic, lemuel_doored_altar
D:3:      layout_rooms, chequers_ecumenical_altar_simple, hex_large,
          uniq_jessica
D:4:      layout_cave_pods, minmay_temple_entry_butterflies
D:5:      layout_rooms, enter_ossuary_3
D:6:      layout_cave_pools, chequers_serial_rivers_marsh
D:7:      layout_basic, lemuel_blue_sif_altar,
          nemelex_xobeh_ov_fountains_minmay, serial_shops, shop
D:8:      gammafunk_boulding_lane, layout_basic, tso_oasis_becter
D:9:      minmay_the_grid_triangle_9x9_rhombus_full
          [minmay_the_grid_triangle_9x9_corruption,
          minmay_the_grid_triangle_9x9_longest,
          minmay_the_grid_triangle_9x9_warning,
          minmay_the_grid_triangle_9x9_subtriangle,
          minmay_the_grid_triangle_9x9_checkered,
          minmay_the_grid_triangle_9x9_sparse_checkered,
          minmay_the_grid_triangle_9x9_minimal,
          minmay_the_grid_triangle_9x9_prize_schism], layout_gridville,
          serial_rivers, chequers_serial_rivers_large_b,
          chequers_serial_rivers_room_b, chequers_serial_rivers_small_3,
          chequers_serial_rivers_room_b, chequers_serial_rivers_marsh,
          chequers_serial_rivers_marsh, minivault_16,
          nicolae_qazlal_general_emergency
D:10:     layout_layer_cave, serial_glass, glass_columns_a, glass_columns_a

Skill      XL: |  1  2  3  4  5  6  7  8  9 10 |
---------------+-------------------------------+-----
Shields        | 4 5 6 7 8 9 |  9.0
Dodging        | 1 2 3 5 |  5.1
Axes           | 3 4 5 6 7 9 11 | 11.5
Fighting       | 5 |  5.9
Armour         | 5 |  5.1

Action                   |  1- 3 |  4- 6 |  7- 9 | 10-12 || total
-------------------------+-------+-------+-------+-------++-------
Melee: War axe           |    71 |   181 |   425 |   233 ||   910
 Abil: Dig               |       |     1 |     3 |     4 ||     8
       Shaft Self        |       |       |     4 |     2 ||     6
Evoke: Wand              |       |       |       |     3 ||     3
  Use: Potion            |       |     4 |     7 |       ||    11
       Scroll            |       |       |    18 |     3 ||    21
Armor: Scale mail        |    23 |    74 |   110 |    37 ||   244
Dodge: Dodged            |    26 |    78 |   203 |    86 ||   393
Block: Kite shield       |    34 |    92 |   264 |   128 ||   518

Table legend: (Time is in decaauts)
 A = Elapsed time spent in this place.
 B = Non-inter-level travel time spent in this place.
 C = Inter-level travel time spent in this place.
 D = Time resting spent in this place.
 E = Time spent auto-exploring this place.
 F = Levels seen in this place.
 G = Mean time per level.
                   A        B        C        D        E       F      G
               +--------+--------+--------+--------+--------+-----+--------+
         Total |  12497 |  11869 |    628 |   3477 |   6233 |  11 | 1136.1 |
       Dungeon |  11985 |  11357 |    628 |   3351 |   6078 |  10 | 1198.5 |
       Ossuary |    511 |    511 |      0 |    126 |    155 |   1 |  511.0 |
               +--------+--------+--------+--------+--------+-----+--------+

Top non-repeatable levels by time:
     D:8: 2543 daAuts
     D:7: 1975 daAuts
     D:2: 1247 daAuts
     D:6: 1209 daAuts
     D:9: 941 daAuts
     D:1: 901 daAuts
     D:4: 865 daAuts
    D:10: 818 daAuts
     D:5: 756 daAuts
     D:3: 726 daAuts
 Ossuary: 511 daAuts
